 Dungeon Crawl Stone Soup version 0.29-a0-234-g0dae59b3db (webtiles) character file.

Game seed: 2814708318796402188

279 drugrobin the Chopper (level 5, -4/46 HPs)
             Began as a Demigod Fighter on Mar 2, 2022.
             Slain by a mummy (10 damage)
             ... in an ossuary.
             The game lasted 00:08:45 (3657 turns).

drugrobin the Chopper (Demigod Fighter)             Turns: 3657, Time: 00:08:45

Health: -4/46      AC: 10    Str: 21    XL:     5   Next: 75%
Magic:  7/7        EV:  7    Int: 10    God:
Gold:   218        SH:  4    Dex: 13    Spells: 4/4 levels left

rFire   . . .      SeeInvis .   v - +1 flail (holy)
rCold   + . .      Faith    .   c - +0 buckler
rNeg    + . .      Spirit   .   r - +0 chain mail
rPois   .          Reflect  .   k - +0 helmet
rElec   .          Harm     .   (no cloak)
rCorr   .          Rampage  .   (no gloves)
Will    .....                   (no boots)
Stlth   ..........              (no amulet)
HPRegen 0.15/turn               h - ring of positive energy
MPRegen 0.10/turn               l - ring of protection from cold

@: no status effects
A: high MP 1, forlorn, divine attributes
a: no special abilities


You were in an ossuary.
You visited 1 branch of the dungeon, and saw 4 of its levels.
You also visited: Ossuary.

You collected 218 gold pieces.

Inventory:

Hand Weapons
 a - a +0 war axe
 b - a +2 dagger of venom
 v - a +1 flail of holy wrath (weapon)
Missiles
 n - 84 stones (quivered)
 o - 6 curare-tipped darts
Armour
 c - a +0 buckler (worn)
 k - a +0 helmet (worn)
 r - a +0 chain mail (worn)
Jewellery
 h - a ring of positive energy (left hand)
 l - a ring of protection from cold (right hand)
Scrolls
 e - a scroll of magic mapping {unknown}
 g - a scroll of torment {unknown}
 i - 2 scrolls of vulnerability {unknown}
 j - a scroll of immolation {unknown}
 m - a scroll of enchant armour {unknown}
 q - a scroll of fog {unknown}
 u - a scroll of fear {unknown}
 x - 2 scrolls of identify {unknown}
Potions
 d - a potion of might
 f - a potion of attraction {unknown}
 p - 3 potions of curing {unknown}
 s - a potion of degeneration {unknown}
 t - a potion of lignification {unknown}
 w - a potion of ambrosia {unknown}


   Skills:
 + Level 4.1 Fighting
 * Level 4.8 Axes
 - Level 2.6 Armour
 - Level 2.6 Shields


You had 4 spell levels left.
You didn't know any spells.
Your spell library contained the following spells:

 Spells                   Type           Power      Damage    Failure   Level
 Sandblast                Erth           0%         2d4       99%         1
 Passwall                 Tmut/Erth      0%         N/A       100%        2
 Stone Arrow              Conj/Erth      0%         3d7       100%        3


Dungeon Overview and Level Annotations

Branches:
Dungeon (4/15)            Ossuary (1/1)
 Temple: D:4-7


Innate Abilities, Weirdness & Mutations

You have an increased reservoir of magic. (+10% MP)
You shall have no god before yourself.
Your divine heritage dramatically boosts your attributes as you level up.


Message History

Your +1 flail of holy wrath stops glowing.
a - a +0 war axe (weapon)
Your movement speed is average.
Your attack delay is about 1.3.
A kobold zombie and 2 mummies come into view.
The kobold zombie moves out of view. 2 mummies and an orc zombie come into view.
Unknown command.
There is a gate leading back out of this place here.
Your +1 flail of holy wrath softly glows with a divine radiance!
v - a +1 flail of holy wrath (weapon)
You barely miss the kobold zombie.
The kobold zombie hits you but does no damage.
You sock the kobold zombie!
The kobold zombie convulses.
The kobold zombie is almost destroyed.
You block the orc zombie's attack. The kobold zombie hits you.
You sock the kobold zombie!
You destroy the kobold zombie!
The orc zombie hits you.
You thump the orc zombie!
You destroy the orc zombie!
The mummy hits you but does no damage.
You barely miss the mummy. You block the mummy's attack.
The mummy hits you but does no damage.
There is an empty arch of ancient stone here.
The mummy hits you but does no damage. The mummy hits you but does no damage.
You hit the mummy.
The mummy convulses.
The mummy is moderately damaged.
You block the mummy's attack. The mummy hits you.
You hit the mummy but do no damage. The mummy closely misses you.
The mummy hits you!
You hit the mummy.
The mummy convulses.
The mummy is heavily damaged.
The mummy hits you! x2
* * * LOW HITPOINT WARNING * * *
A mummy comes into view.
A mummy comes into view.
A mummy comes into view.
You open the door. The mummy hits you!
You die...

######## #.
......## #....
####M.....## .....
##..##......#
.....##....##.....#
..................#
#.............M..#
#......M.....M@#
+##......M.##'#
##......##..#
##..MM##....
#....#.....
#....#....!?
#....#.....!
#....#.....$$
#....#


You could see 5 mummies.

Vanquished Creatures
  An ogre (D:4)
  A hound (D:4)
  An iguana (D:4)
  Robin (D:1)
  5 adders
  A white imp (D:4)
  3 dart slugs
  A worm (D:2)
  3 orcs
  4 endoplasms
  2 giant cockroaches (D:1)
  2 gnoll zombies (Ossuary)
  12 goblins
  7 hobgoblins
  7 kobolds
  A quokka (D:2)
  4 ball pythons
  3 bats
  2 frilled lizards
  A hobgoblin zombie (Ossuary)
  A kobold zombie (Ossuary)
  4 orc zombies (Ossuary)
  3 rats
70 creatures vanquished.

Vanquished Creatures (others)
  2 fungi (D:2)
  A plant (D:2)
3 creatures vanquished.

Grand Total: 73 creatures vanquished

Notes
Turn   | Place    | Note
-------+----------+-------------------------------------------
     0 | D:1      | drugrobin the Demigod Fighter began the quest for the Orb.
     0 | D:1      | Reached XP level 1. HP: 18/18 MP: 3/3
   548 | D:1      | Reached XP level 2. HP: 25/25 MP: 4/4
  1241 | D:2      | Noticed Robin
  1264 | D:1      | Killed Robin
  1265 | D:1      | Reached XP level 3. HP: 27/31 MP: 5/5
  2356 | D:3      | Reached XP level 4. HP: 33/38 MP: 6/6
  3088 | D:4      | Noticed an ogre
  3165 | D:4      | Killed an ogre
  3166 | D:4      | Reached XP level 5. HP: 33/46 MP: 7/7
  3583 | D:4      | Found a sand-covered staircase.
  3588 | Ossuary  | Entered an ossuary
  3657 | Ossuary  | Slain by a mummy

Illustrated notes

Levels and vault maps discovered:
D:1:      psy_arrival_fountain, layout_basic
D:2:      layout_loops_ring, dreamdust_ecumenical_altar_hidden_monk_grotto,
          uniq_robin
D:3:      layout_loops_cross, kennysheep_cluttered_room,
          kennysheep_generic_room_12
D:4:      minmay_wonky_spiral, layout_basic, enter_ossuary_2
Ossuary:  ossuary_tomb_3

Skill      XL: |  1  2  3  4 |
---------------+-------------+-----
Axes           | 2 3 4 |  4.8
Fighting       | 3 4 |  4.1
Armour         | |  2.6
Shields        | |  2.6

Action                   |  1- 3 |  4- 6 || total
-------------------------+-------+-------++-------
Melee: War axe           |    92 |       ||    92
       Dagger            |    25 |    67 ||    92
       Flail             |       |    18 ||    18
Throw: Dart              |     2 |       ||     2
       Stone             |     2 |       ||     2
Armor: Scale mail        |    45 |       ||    45
       Chain mail        |    10 |    47 ||    57
Dodge: Dodged            |    32 |    26 ||    58
Block: Buckler           |    23 |    14 ||    37

Table legend: (Time is in decaauts)
 A = Elapsed time spent in this place.
 B = Non-inter-level travel time spent in this place.
 C = Inter-level travel time spent in this place.
 D = Time resting spent in this place.
 E = Time spent auto-exploring this place.
 F = Levels seen in this place.
 G = Mean time per level.
                   A        B        C        D        E       F      G
               +--------+--------+--------+--------+--------+-----+--------+
         Total |   3703 |   3513 |    190 |    511 |   1621 |   5 |  740.6 |
       Dungeon |   3630 |   3440 |    190 |    511 |   1621 |   4 |  907.5 |
       Ossuary |     73 |     73 |      0 |      0 |      0 |   1 |   73.0 |
               +--------+--------+--------+--------+--------+-----+--------+

Top non-repeatable levels by time:
     D:2: 1236 daAuts
     D:1: 999 daAuts
     D:3: 798 daAuts
     D:4: 596 daAuts
 Ossuary: 73 daAuts
